 Dungeon Crawl Stone Soup version 0.25.0-41-g26779e2 (webtiles) character file.

Game seed: 11077179306963816721

7564 kingbonesx the Grappler (level 10, 0/96 HPs)
             Began as a Troll Berserker on July 9, 2020.
             Was a High Priest of Trog.
             Slain by a killer bee (4 damage)
             ... on level 8 of the Dungeon on July 11, 2020.
             The game lasted 02:11:28 (8493 turns).

kingbonesx the Grappler (Troll Berserker)           Turns: 8493, Time: 02:11:28

Health: 0/96       AC: 14    Str: 28    XL:     10   Next: 96%
Magic:  9/9        EV:  9    Int:  4    God:    Trog [*****.]
Gold:   218        SH:  8    Dex: 10    Spells: 9/9 levels left

rFire    . . .     SeeInvis +   S - +0 dagger (vamp)
rCold    + . .     Gourm    +   K - +1 kite shield
rNeg     . . .     Faith    +   y - +2 robe {rC+}
rPois    .         Spirit   .   (helmet restricted)
rElec    .         Reflect  .   m - +1 cloak {KACUS RILEKK}
rCorr    .         Harm     .   (gloves unavailable)
MR       .....                  (boots unavailable)
Stlth    ++........             R - amulet of faith
HPRegen  0.66/turn              C - ring of see invisible
MPRegen  0.11/turn              G - +4 ring of protection

@: lethally poisoned (0 -> -1), stab
A: large, unfitting armour, claws 3, see invisible, fast metabolism 3, gourmand,
sense surroundings 1, regeneration 1, shaggy fur 1, tough skin 3
a: Berserk, Trog's Hand, Brothers in Arms, Renounce Religion


You were on level 8 of the Dungeon.
You worshipped Trog.
Trog was extremely pleased with you.
You were very full.

You visited 2 branches of the dungeon, and saw 9 of its levels.
You also visited: Bailey.

You collected 518 gold pieces.
You spent 300 gold pieces at shops.

Inventory:

Hand Weapons
 F - a +0 hunting sling
 N - a +5 scimitar
 P - a +0 great sword of freezing
 S - a +0 vampiric dagger (weapon)
Missiles
 d - 240 stones (quivered)
 e - 127 arrows
 f - 13 sling bullets
 g - 130 bolts
 x - 4 javelins
 J - 19 poisoned darts
Armour
 m - a +1 cloak (worn) {KACUS RILEKK}
 y - a +2 robe of cold resistance (worn)
 K - a +1 kite shield (worn)
Magical Staves
 I - an uncursed staff of death
Jewellery
 t - an uncursed amulet of regeneration
 C - a ring of see invisible (left claw)
 G - a +4 ring of protection (right claw)
 O - an uncursed ring of protection from magic
 R - an amulet of faith (around neck)
Wands
 h - a wand of enslavement (8)
 D - a wand of flame (27)
Scrolls
 j - a scroll of torment {unknown}
 k - a scroll of amnesia {unknown}
 o - 3 scrolls of remove curse
 q - 4 scrolls of fog {unknown}
 r - 5 scrolls of enchant weapon {unknown}
 s - a scroll of fear {unknown}
 u - 2 scrolls of identify {unknown}
 w - 2 scrolls of teleportation
 H - a scroll of immolation {unknown}
 Q - a scroll of summoning {unknown}
Potions
 c - 3 potions of mutation
 i - a potion of stabbing
 l - a potion of brilliance {unknown}
 n - 2 potions of haste {unknown}
 v - a potion of experience {unknown}
 z - a potion of resistance {unknown}
 A - a potion of ambrosia {unknown}
 E - 2 potions of curing
Comestibles
 b - 14 rations


   Skills:
 * Level 5.5 Fighting
   Level 0.6 Polearms
 + Level 5.4 Throwing
 * Level 7.0 Dodging
 - Level 1.7 Stealth
 * Level 12.0 Unarmed Combat


You had 9 spell levels left.
You didn't know any spells.
Your spell library contained the following spells:

 Spells                   Type           Power        Failure   Level  Hunger
 Animate Skeleton         Necr           N/A          99%         1    ##.....
 Apportation              Tloc           #.....       99%         1    ##.....
 Corona                   Hex            #......      99%         1    ##.....
 Pain                     Necr           #...         99%         1    ##.....
 Shock                    Conj/Air       #...         99%         1    ##.....
 Summon Small Mammal      Summ           #...         99%         1    ##.....
 Poisonous Vapours        Pois/Air       #.....       99%         2    ###....
 Swiftness                Chrm/Air       #.......     99%         2    ###....
 Conjure Flame            Conj/Fire      #.......     100%        3    ####...
 Mephitic Cloud           Conj/Pois/Air  #.......     100%        3    ####...
 Static Discharge         Conj/Air       #.......     100%        3    ####...
 Vampiric Draining        Necr           #.........   100%        3    ####...
 Airstrike                Air            #.........   100%        4    #####..
 Animate Dead             Necr           N/A          100%        4    #####..
 Agony                    Necr           #.......     100%        5    ######.
 Lightning Bolt           Conj/Air       #.........   100%        5    ######.
 Freezing Cloud           Conj/Ice/Air   #.........   100%        6    #######
 Ring of Flames           Chrm/Fire      #.........   100%        7    #######


Dungeon Overview and Level Annotations

Branches:
Dungeon (8/15)             Temple (1/1) D:6          Bailey (visited)
   Lair: D:8-11

Altars:
Ashenzari
Cheibriados
Dithmenos
Elyvilon
Fedhas
Gozag
Hepliaklqana
Kikubaaqudgha
Makhleb
Nemelex Xobeh
Okawaru
Ru
Sif Muna
Trog
Uskayaw
Vehumet
Wu Jian
Xom
Yredelemnul
Zin
The Shining One

Shops:
D:6 *   D:7 :


Innate Abilities, Weirdness & Mutations

You are too large for most types of armour.
You have claws for hands.
Your metabolism is lightning-fast.
You like to eat raw meat.
Your natural rate of healing is unusually fast.
You are covered in fur. (AC +1)
You have extremely tough skin. (AC +3)
You have supernaturally acute eyesight. (SInv)
You passively map a small area around you.


Message History

You are more poisoned.
The killer bee poisons you!
As you read the scroll of teleportation, it crumbles to dust.
You feel strangely unstable.
You feel sick. You block the killer bee's attack.
The killer bee closely misses you.
The killer bee stings you but does no damage. x2
Unknown command.
As you read the scroll of teleportation, it crumbles to dust.
You feel strangely stable.
You feel sick. The killer bee closely misses you.
The killer bee barely misses you. x2; You block the killer bee's attack.
It was a potion of mutation.
You feel extremely strange.
You feel a strange attunement to the structure of the dungeons.
Your vision sharpens.
The killer bee barely misses you.
The killer bee stings you but does no damage. x2
You block the killer bee's attack.
It was a potion of stabbing.
You feel ready to backstab.
You feel sick. The killer bee stings you.
You die...

##.### #.#... ,
#.... #†##...
#..#######.##..# ,
#..........##..###
,
#.###########..##.
, #.# ##...##. * *
#.# #.....^.
#y####### ##....##
#@y.....# ##..##
#######.#####.##
#.#......#
##.#####.## ###
#..## #.#.##
#.##.. #.####
#.####


You could see 2 killer bees.

Vanquished Creatures
  A deep elf knight (Bailey)
  8 deep elf magi (Bailey)
  A hornet (D:7)
  Grinder (D:5)
  5 yaks (D:7)
  An orc warrior (D:7)
  A phantom (D:6)
  A black bear (D:7)
  A necrophage (D:6)
  4 ogres
  4 centaurs
  4 bullfrogs
  A gnoll sergeant (D:6)
  2 scorpions (D:4)
  A water moccasin skeleton (D:7)
  A killer bee (D:8)
  5 wights (D:7)
  5 howler monkeys
  4 crimson imps
  A hound (D:6)
  2 orc priests (D:4)
  A gnoll shaman (D:7)
  An iguana (D:6)
  4 orc wizards
  7 worker ants
  A killer bee zombie (D:7)
  A hound skeleton (D:7)
  A worker ant zombie (D:5)
  Robin (D:3)
  5 adders
  10 gnolls
  A shadow imp (D:7)
  An adder skeleton (D:5)
  4 worms
  A dart slug (D:3)
  6 leopard geckos
  20 orcs
  3 giant cockroaches
  10 goblins
  10 hobgoblins
  12 jackals
  2 quokkas
  3 ball pythons
  10 bats
  12 frilled lizards
  7 kobolds
  6 rats
  2 bushes (D:4)
  7 plants (D:4)
203 creatures vanquished.

Notes
Turn   | Place    | Note
-------+----------+-------------------------------------------
     0 | D:1      | kingbonesx the Troll Berserker began the quest for the Orb.
     0 | D:1      | Reached XP level 1. HP: 22/22 MP: 0/0
    13 | D:1      | Reached XP level 2. HP: 27/29 MP: 1/1
  1055 | D:2      | Reached XP level 3. HP: 36/36 MP: 2/2
  1327 | D:2      | Reached ** piety under Trog
  1485 | D:2      | Reached XP level 4. HP: 40/44 MP: 3/3
  1964 | D:2      | Found a sacrificial altar of Ru.
  2367 | D:3      | Noticed Robin
  2406 | D:3      | Killed Robin
  2831 | D:3      | Found a glowing silver altar of Zin.
  3058 | D:3      | Reached XP level 5. HP: 52/52 MP: 4/4
  3279 | D:4      | Reached skill level 4 in Unarmed Combat
  3482 | D:4      | Reached skill level 1 in Throwing
  3591 | D:4      | Reached skill level 1 in Stealth
  3609 | D:4      | Reached XP level 6. HP: 47/61 MP: 5/5
  3683 | D:4      | Found a blossoming altar of Fedhas.
  3911 | D:4      | Reached *** piety under Trog
  4324 | D:4      | Found an ornate altar of the Wu Jian Council.
  4329 | D:4      | Found a shimmering blue altar of Sif Muna.
  4333 | D:4      | Found a white marble altar of Elyvilon.
  4333 | D:4      | Found an opulent altar of Gozag.
  4338 | D:4      | Found a hide-covered altar of Uskayaw.
  4503 | D:5      | Entered Level 5 of the Dungeon
  4555 | D:5      | Found a burning altar of Makhleb.
  4650 | D:5      | Found a radiant altar of Vehumet.
  5008 | D:5      | Reached skill level 5 in Unarmed Combat
  5008 | D:5      | Reached XP level 7. HP: 34/67 MP: 6/6
  5159 | D:5      | Noticed Grinder
  5194 | D:5      | Killed Grinder
  5658 | D:5      | Upgraded the game from 0.25.0-37-gb73750e to
                  | 0.25.0-41-g26779e2
  5939 | D:6      | Reached skill level 6 in Unarmed Combat
  6042 | D:6      | Found Ajeod's Lightly-Used Armoury.
  6048 | D:6      | Reached XP level 8. HP: 75/75 MP: 7/7
  6138 | D:6      | Found a staircase to the Ecumenical Temple.
  6182 | Temple   | Entered the Ecumenical Temple
  6375 | D:6      | Reached **** piety under Trog
  6383 | D:6      | Reached skill level 7 in Unarmed Combat
  6808 | D:7      | Reached skill level 8 in Unarmed Combat
  6811 | D:7      | Reached skill level 5 in Throwing
  6811 | D:7      | Reached XP level 9. HP: 23/84 MP: 8/8
  6969 | D:7      | Reached skill level 9 in Unarmed Combat
  7084 | D:7      | Reached skill level 5 in Dodging
  7191 | D:7      | Found an iron altar of Okawaru.
  7243 | D:7      | Found a flagged portal.
  7367 | Bailey   | Entered a bailey
  7379 | Bailey   | Noticed a deep elf mage
  7387 | Bailey   | Killed a deep elf mage
  7387 | Bailey   | Reached skill level 10 in Unarmed Combat
  7407 | Bailey   | Noticed a deep elf mage
  7408 | Bailey   | Noticed a deep elf mage
  7427 | Bailey   | Killed a deep elf mage
  7427 | Bailey   | Reached XP level 10. HP: 87/94 MP: 9/9
  7428 | Bailey   | Killed a deep elf mage
  7428 | Bailey   | Noticed a deep elf mage
  7439 | Bailey   | Killed a deep elf mage
  7439 | Bailey   | Reached skill level 5 in Fighting
  7439 | Bailey   | Noticed a deep elf mage
  7444 | Bailey   | Killed a deep elf mage
  7444 | Bailey   | Reached skill level 11 in Unarmed Combat
  7444 | Bailey   | Noticed a deep elf mage
  7457 | Bailey   | Killed a deep elf mage
  7457 | Bailey   | Reached ***** piety under Trog
  7458 | Bailey   | Noticed a deep elf mage
  7465 | Bailey   | Killed a deep elf mage
  7518 | Bailey   | Noticed a deep elf knight
  7538 | Bailey   | Killed a deep elf knight
  7614 | Bailey   | Noticed a deep elf mage
  7641 | Bailey   | Killed a deep elf mage
  7877 | D:7      | Found Onuck's Book Shop.
  7883 | D:7      | Bought a book of Necromancy for 300 gold pieces
  7965 | D:7      | Found a hazy altar of Hepliaklqana.
  8102 | D:7      | Reached skill level 12 in Unarmed Combat
  8490 | D:8      | HP: 4/96 [poisoned by a killer bee]
  8492 | D:8      | Gained mutation: You passively map a small area around you.
                  | [potion of mutation]
  8492 | D:8      | Gained mutation: You have supernaturally acute eyesight.
                  | (SInv) [potion of mutation]
  8493 | D:8      | Slain by a killer bee

Illustrated notes

Levels and vault maps discovered:
D:1:      minmay_arrival_radiant_lines, layout_basic
D:2:      kennysheep_six_static_rooms, layout_loops_ring,
          nicolae_ru_path_of_blood, serial_glass, glass_columns_a,
          glass_columns_c, feat_on_display, item_on_display_a,
          due_unseen_surprise, feat_on_display
D:3:      layout_basic, nicolae_overflow_hidden_temple, uniq_robin
D:4:      layout_cave_pods, fedhas_ov_isle_minmay, minitemple, serial_glass,
          glass_columns_c, glass_columns_b, first_ration
D:5:      layout_cave_pods, vehumet_altar_wand_db, bloody_makhleb, uniq_grinder
D:6:      layout_basic, minmay_temple_entry_purple_smoke, minmay_shop_damaged,
          dk_vineyard_3
D:7:      minmay_s_stair_smasher, layout_basic, old_standard_altar,
          overflow_temple_1_default, serial_shops, nicolae_shop_statue_plus,
          enter_bailey_8
D:8:      layout_loops_corners, grunt_qazlal_sundering, uniq_maggie
Temple:   compressed_dpeg_triangle_lava_temple

Skill      XL: |  1  2  3  4  5  6  7  8  9 10 |
---------------+-------------------------------+-----
Dodging        | 3 4 5 7 |  7.0
Unarmed Combat | 4 5 6 8 10 12 | 12.0
Fighting       | 3 4 5 |  5.5
Throwing       | 2 3 4 5 |  5.4
Stealth        | 1 |  1.7
Polearms       | |  0.6

Action                   |  1- 3 |  4- 6 |  7- 9 | 10-12 || total
-------------------------+-------+-------+-------+-------++-------
Melee: Unarmed           |    19 |   223 |   247 |    82 ||   571
       Spear             |   107 |    13 |       |       ||   120
       Punch             |       |     7 |     3 |       ||    10
       Long sword        |       |     3 |     8 |       ||    11
       Scimitar          |       |       |    39 |       ||    39
       Hunting sling     |       |       |     8 |       ||     8
       Dagger            |       |       |       |    45 ||    45
       Great sword       |       |       |       |    11 ||    11
 Fire: Shortbow          |       |     4 |       |       ||     4
       Hunting sling     |       |       |     1 |       ||     1
Throw: Stone             |    43 |    34 |    60 |    14 ||   151
       Dart              |       |    57 |    24 |       ||    81
Evoke: Wand              |       |       |       |     1 ||     1
  Use: Potion            |     1 |       |       |     2 ||     3
       Scroll            |       |     3 |     3 |     2 ||     8
 Stab: Sleeping          |       |       |       |     1 ||     1
  Eat: Chunk             |    11 |    33 |    17 |    16 ||    77
       Ration            |       |     2 |       |       ||     2
Armor: Animal skin       |    37 |       |       |       ||    37
       Robe              |    34 |    54 |   129 |    56 ||   273
Dodge: Dodged            |   109 |    78 |   103 |    56 ||   346
Block: Kite shield       |       |       |    63 |    62 ||   125
       Rpst.: Long sword |       |       |     3 |       ||     3
       Scimitar          |       |       |     2 |       ||     2
       Great sword       |       |       |       |     3 ||     3
